 Dungeon Crawl Stone Soup version 0.21.1-1-g345015f (webtiles) character file.

46840 keltmir the Fighter (level 14, -5/133 HPs)
             Began as a Minotaur Fighter on Mar 18, 2018.
             Was a High Priest of Ru.
             Splashed with acid (21 damage)
             ... while paralysed by a great orb of eyes
             ... on level 2 of the Pits of Slime.
             The game lasted 01:29:25 (15335 turns).

keltmir the Fighter (Minotaur Fighter)             Turns: 15335, Time: 01:29:25

Health: -5/133     AC: 25    Str: 26    XL:     14   Next: 6%
Magic:  13/13      EV:  2    Int:  5    God:    Ru [*****.]
Gold:   466        SH:  0    Dex: 10    Spells: 12/13 levels left

rFire    . . .     SeeInvis .   G - +9 hand axe "Newtbane" {flame, rN+}
rCold    + + .     Gourm    .   c - +0 shield
rNeg     + . .     Faith    .   J - +4 plate armour {rC+}
rPois    .         Spirit   .   (helmet restricted)
rElec    .         Reflect  .   m - +0 cloak
rCorr    .         Harm     .   r - +0 pair of gloves
MR       .....                  y - +0 pair of boots
Stlth    ..........             t - amulet of regeneration
HPRegen  0.72/turn              Z - +2 ring of protection
MPRegen  0.13/turn              b - ring of Robustness {AC+8}

@: paralysed, exhausted, corroded, drained
A: retaliatory headbutt, horns 2, cold resistance 1, deformed body, screaming 1,
subdued magic 1, no stealth, inability to use devices, hated by all, magic
vulnerability 1
a: Draw Out Power, Power Leap, Apocalypse, Renounce Religion


You were on level 2 of the Pits of Slime.
You worshipped Ru.
Ru was extremely pleased with you.
You were very hungry.

You visited 4 branches of the dungeon, and saw 21 of its levels.

You collected 1205 gold pieces.
You spent 739 gold pieces at shops.

Inventory:

Hand Weapons
 B - the +4 trident "Teifov" {flame, MR+ Dex+4}
   (You found it on level 5 of the Dungeon)

   It has been specially enchanted to burn those struck by it, causing extra
   injury to most foes and up to half again as much damage against particularly
   susceptible opponents.
   It affects your dexterity (+4).
   It affects your resistance to hostile enchantments.
 E - a +1 trident of holy wrath
 G - the +9 hand axe "Newtbane" (weapon) {flame, rN+}
   (You bought it in a shop on level 8 of the Dungeon)

   It has been specially enchanted to burn those struck by it, causing extra
   injury to most foes and up to half again as much damage against particularly
   susceptible opponents.
   Big, fiery blades are also staple armaments of hydra-hunters.
   It protects you from negative energy.
 N - a +2 trident of protection
Armour
 c - a +0 shield (worn)
 m - a +0 cloak (worn)
 r - a +0 pair of gloves (worn)
 y - a +0 pair of boots (worn)
 J - a +4 plate armour of cold resistance (worn)
 O - a +3 scale mail
Magical Staves
 d - an uncursed staff of conjuration {unknown}
Jewellery
 a - an uncursed ring of flight
 b - the ring of Robustness (right hand) {AC+8}
   (You found it on level 4 of the Lair of Beasts)

   [ring of protection]

   It affects your AC (+8).
 i - a +5 ring of evasion
 n - an uncursed ring of resist corrosion
 t - an amulet of regeneration (around neck)
 z - an uncursed ring of protection from fire
 K - an uncursed amulet of rage
 P - a +2 ring of evasion
 S - an uncursed amulet of regeneration
 T - an uncursed amulet of magic regeneration
 Z - a +2 ring of protection (left hand)
Scrolls
 p - a scroll of fog
 q - 11 scrolls of teleportation
 u - 9 scrolls of remove curse
 v - a scroll of enchant armour
 F - 2 scrolls of magic mapping
 L - 2 scrolls of immolation {unknown}
 Q - 3 scrolls of amnesia
Potions
 e - 3 potions of brilliance
 g - 2 potions of heal wounds
 h - 6 potions of curing
 k - a potion of berserk rage
 l - a potion of magic {unknown}
 o - 2 potions of resistance {unknown}
 s - 4 potions of ambrosia
 w - 2 potions of degeneration
 x - 4 potions of lignification
 C - 2 potions of agility
 D - 3 potions of cancellation
 H - a potion of invisibility {unknown}
 M - 2 potions of mutation
 X - 2 potions of haste {unknown}
 Y - a potion of flight
Books
 j - a book of Misfortune

   Spells                             Type                      Level
   a - Confusing Touch                Hexes                        1
   b - Confuse                        Hexes                        3
   c - Gell's Gravitas                Translocation                3
   d - Petrify                        Transmutation/Earth          4
   e - Metabolic Englaciation         Hexes/Ice                    5
   f - Yara's Violent Unravelling     Hexes/Transmutation          5
 A - a book of Conjurations

   Spells                             Type                      Level
   a - Magic Dart                     Conjuration                  1
   b - Searing Ray                    Conjuration                  2
   c - Dazzling Spray                 Conjuration/Hexes            3
   d - Fulminant Prism                Conjuration/Hexes            4
   e - Force Lance                    Conjuration/Translocation    4
   f - Iskenderun's Mystic Blast      Conjuration                  4
 R - a book of Cantrips

   Spells                             Type                      Level
   a - Confusing Touch                Hexes                        1
   b - Animate Skeleton               Necromancy                   1
   c - Summon Small Mammal            Summoning                    1
   d - Apportation                    Translocation                1
Comestibles
 f - 26 rations


   Skills:
 + Level 14.9(14.4) Fighting
 - Level 11.9(13.5) Axes
 - Level 12.5(13.8) Polearms
 + Level 13.4(13.0) Armour
 + Level 0.4(0.1) Dodging
 + Level 13.0(12.6) Shields


You had 12 spell levels left.
You knew the following spells:

 Your Spells              Type           Power        Failure   Level  Hunger
a - Flame Tongue          Conj/Fire      #....        99%         1    ##.....


Dungeon Overview and Level Annotations

Branches:
Dungeon (12/15)            Temple (1/1) D:5            Lair (6/6) D:8
 Shoals (0/4) Lair:2       Spider (0/4) Lair:3        Slime (2/5) Lair:5
    Orc (0/2) D:10

Altars:
Ashenzari
Cheibriados
Dithmenos
Elyvilon
Fedhas
Gozag
Hepliaklqana
Kikubaaqudgha
Makhleb
Nemelex Xobeh
Okawaru
Qazlal
Ru
Sif Muna
Trog
Uskayaw
Vehumet
Wu Jian
Xom
Yredelemnul
Zin
The Shining One
Lugonu

Shops:
D:8 *

Annotations:
D:6 exclusion: player ghost
Lair:2 exclusion: oklob plant


Innate Abilities, Weirdness & Mutations

You reflexively headbutt those who attack you in melee.
You have a pair of horns on your head.
You cannot be stealthy.
You cannot study or use magical devices.
You are hated by all.
You are slightly vulnerable to magic. (MR-)
Your flesh is cold resistant. (rC+)
Armour fits poorly on your strangely shaped body.
You occasionally shout uncontrollably at your foes.
Your spells are a little easier to cast, but a little less powerful.


Message History

* * * LOW HITPOINT WARNING * * *
The slime creature hits you but does no damage.
You hit the great orb of eyes but do no damage.
The great orb of eyes is lightly wounded.
You completely miss the slime creature. You slash the shining eye!
You burn the shining eye.
You are splashed with acid!
The walls burn you!
* * * LOW HITPOINT WARNING * * *
You block the great orb of eyes's attack.
The slime creature barely misses you.
You hit the great orb of eyes but do no damage.
You headbutt the great orb of eyes!
The great orb of eyes is moderately wounded.
You slash the shining eye! You burn the shining eye.
You slash the slime creature! You burn the slime creature.
You are splashed with acid!
The walls burn you!
* * * LOW HITPOINT WARNING * * *
The great orb of eyes gazes at you.
You suddenly lose the ability to move!
You are splashed with acid!
The walls burn you!
You die...

............
..........##
#.......#.###
#...........###
#............##
#....<........
#...........##
##J..........#
#@G.........#..
#..G.........#
.
##.............
###.#.#........
.#........... .
........ #.
........ ..
......


You could see a great orb of eyes, a slime creature and a shining eye.

Vanquished Creatures
  5 hydras
  A catoblepas (Lair:6)
  3 two-headed ogres
  8 death yaks
  An unseen horror (D:11)
  A glowing orange brain (Slime:2)
  A lindwurm (Lair:6)
  The ghost of manyhoops the Poker, a novice GnWn of Fedhas (D:6)
  3 oklob plants (Lair:5)
  An ugly thing (D:10)
  A manticore (Lair:6)
  A water nymph (D:11)
  8 elephants (Lair:6)
  4 black mambas (Lair:6)
  3 merfolk sirens (Lair:2)
  2 torpor snails
  13 spiny frogs
  7 komodo dragons
  4 rime drakes
  A merfolk (Lair:2)
  2 trolls (D:11)
  4 polar bears
  5 blink frogs
  10 hippogriffs
  8 dream sheep (Lair:6)
  16 yaks
  2 basilisks (Lair:2)
  5 hogs
  A wyvern (D:8)
  A human (D:7)
  2 hungry ghosts (D:7)
  The ghost of Goblin1989 the Conjurer, an amateur DsCj (D:5)
  18 water moccasins
  8 orc warriors
  4 porcupines
  5 sky beasts
  A phantom (D:8)
  A black bear (D:10)
  An ice beast (D:10)
  22 wolves
  5 ogres
  4 centaurs
  9 crocodiles
  16 bullfrogs
  A wyvern zombie (D:10)
  6 scorpions
  12 killer bees
  6 wights
  8 howler monkeys
  3 electric eels (Lair:4)
  2 crimson imps
  A bullfrog zombie (D:5)
  2 centaur skeletons
  2 centaur zombies
  2 jellies
  6 orc priests
  Crazy Yiuf (D:3)
  4 hounds
  4 orc wizards
  Terence (D:2)
  2 iguanas
  7 worker ants
  3 hound skeletons
  A worker ant zombie (D:10)
  8 adders
  3 shadow imps
  2 oozes
  4 adder skeletons
  8 worms
  2 dart slugs
  4 leopard geckos
  35 orcs
  2 bats
  5 giant cockroaches
  2 goblins (D:1)
  10 hobgoblins
  13 jackals
  8 quokkas
  A ball python (D:5)
  3 frilled lizards
  A jackal skeleton (D:8)
  3 kobolds
  2 leopard gecko skeletons (D:6)
  8 rats
  A bush (Lair:5)
  5 fungi
  A plant (Lair:4)
425 creatures vanquished.

Vanquished Creatures (others)
  A manticore (Lair:6)
  A spiny frog (Lair:5)
  3 killer bees (D:10)
  2 plants (Lair:2)
7 creatures vanquished.

Grand Total: 432 creatures vanquished

Notes
Turn   | Place    | Note
-------+----------+-------------------------------------------
     0 | D:1      | keltmir the Minotaur Fighter began the quest for the Orb.
     0 | D:1      | Reached XP level 1. HP: 19/19 MP: 0/0
   116 | D:1      | Reached XP level 2. HP: 27/27 MP: 1/1
   465 | D:1      | Reached skill level 4 in Fighting
   501 | D:1      | Reached XP level 3. HP: 28/33 MP: 2/2
   616 | D:2      | Noticed Terence
   626 | D:2      | Killed Terence
  1062 | D:3      | Found a faded altar of an unknown god.
  1077 | D:3      | Reached XP level 4. HP: 40/40 MP: 3/3
  1098 | D:3      | Became a worshipper of Vehumet
  1098 | D:3      | Reached * piety under Vehumet
  1098 | D:3      | Offered knowledge of Magic Dart by Vehumet.
  1412 | D:2      | You fall through a shaft!
  1470 | D:3      | Noticed a bullfrog
  1477 | D:3      | Killed a bullfrog
  1477 | D:3      | Reached skill level 5 in Axes
  1477 | D:3      | Reached XP level 5. HP: 42/46 MP: 4/4
  1704 | D:3      | Found a runed door.
  1767 | D:3      | Noticed Crazy Yiuf
  1771 | D:3      | Killed Crazy Yiuf
  2223 | D:4      | Found a snail-covered altar of Cheibriados.
  2334 | D:4      | Noticed an ogre
  2336 | D:4      | Noticed a hog
  2336 | D:4      | an ogre changed into a hog
  2347 | D:4      | Killed a hog
  2347 | D:4      | Offered knowledge of Flame Tongue by Vehumet.
  2347 | D:4      | Reached XP level 6. HP: 48/53 MP: 5/5
  2347 | D:4      | Reached ** piety under Vehumet
  2354 | D:4      | Learned a level 1 spell: Flame Tongue
  2403 | D:4      | Reached skill level 5 in Armour
  2467 | D:4      | Noticed an ice beast
  2468 | D:4      | an ice beast changed into a wolf
  2474 | D:4      | Reached XP level 7. HP: 59/60 MP: 6/6
  2594 | D:5      | Entered Level 5 of the Dungeon
  2607 | D:5      | Reached skill level 5 in Shields
  3114 | D:5      | Noticed Goblin1989's ghost (amateur DsCj)
  3133 | D:5      | Killed Goblin1989's ghost
  3204 | D:6      | Reached skill level 5 in Fighting
  3556 | D:5      | Reached XP level 8. HP: 68/68 MP: 7/7
  3562 | D:5      | Got a crude trident
  3563 | D:5      | Identified the +4 trident "Teifov" {flame, MR+ Dex+4} (You found it on level 5 of the Dungeon)
  3624 | D:5      | Reached skill level 1 in Polearms
  3636 | D:5      | Found a staircase to the Ecumenical Temple.
  3657 | Temple   | Entered the Ecumenical Temple
  3769 | Temple   | Fell from the grace of Vehumet
  3788 | Temple   | Became a worshipper of Ru the Awakened
  4173 | D:6      | Noticed manyhoops's ghost (novice GnWn)
  4182 | D:6      | Killed manyhoops's ghost
  4182 | D:6      | Reached skill level 6 in Fighting
  4182 | D:6      | Reached XP level 9. HP: 73/75 MP: 8/8
  4849 | D:6      | Found a bloodstained altar of Trog.
  4850 | D:6      | Found a stormy altar of Qazlal.
  4850 | D:6      | Found an ancient bone altar of Kikubaaqudgha.
  4851 | D:6      | Found an opulent altar of Gozag.
  5091 | D:8      | Found a shadowy altar of Dithmenos.
  5138 | D:7      | Noticed a two-headed ogre
  5144 | D:7      | Killed a two-headed ogre
  5441 | D:7      | Found a shimmering altar of Xom.
  5442 | D:7      | Found a glowing silver altar of Zin.
  5442 | D:7      | Noticed an angel
  5455 | D:7      | Found a deep blue altar of Sif Muna.
  5580 | D:7      | Found a white marble altar of Elyvilon.
  5580 | D:7      | Found a burning altar of Makhleb.
  5592 | D:7      | Found a shattered altar of Ashenzari.
  5596 | D:7      | Reached skill level 1 in Stealth
  5767 | D:7      | Reached skill level 10 in Polearms
  5770 | D:7      | Reached XP level 10. HP: 84/84 MP: 9/9
  5772 | D:7      | Reached skill level 7 in Fighting
  6190 | D:8      | Found an iron altar of Okawaru.
  6364 | D:8      | Found a staircase to the Lair.
  6559 | D:8      | Found Ogicoka's General Store.
  6729 | D:8      | Noticed a two-headed ogre
  6746 | D:8      | Killed a two-headed ogre
  6826 | D:8      | Gained mutation: You are slightly vulnerable to magic. (MR-) [Ru sacrifice]
  6826 | D:8      | Reached * piety under Ru
  7039 | D:8      | Reached skill level 8 in Fighting
  7165 | D:10     | Entered Level 10 of the Dungeon
  7519 | D:9      | Found a stormy altar of Qazlal.
  7774 | D:10     | Found a staircase to the Orcish Mines.
  7871 | D:11     | Noticed a two-headed ogre
  8194 | D:10     | Reached XP level 11. HP: 79/95 MP: 10/10
  8333 | D:10     | Reached skill level 9 in Fighting
  8380 | D:11     | a two-headed ogre changed into a water nymph
  8399 | D:11     | Killed an unseen horror
  8577 | D:10     | Gained mutation: You cannot study or use magical devices. [Ru sacrifice]
  8577 | D:10     | Reached ** piety under Ru
  8577 | D:10     | Reached *** piety under Ru
  8703 | D:11     | Noticed a brown ugly thing
  8740 | D:10     | Was forgiven by Vehumet
  8762 | D:10     | Killed a brown ugly thing
  8762 | D:10     | Reached skill level 10 in Fighting
  8871 | D:12     | Noticed a white ugly thing
  8871 | D:12     | Noticed a harpy
  9042 | D:11     | Noticed a two-headed ogre
  9061 | D:11     | Killed a two-headed ogre
  9292 | Lair:1   | Entered Level 1 of the Lair of Beasts
  9292 | Lair:1   | Noticed a four-headed hydra
  9298 | Lair:1   | Killed a four-headed hydra
  9323 | Lair:1   | Reached skill level 10 in Armour
  9381 | Lair:1   | Reached skill level 11 in Fighting
 10312 | Lair:2   | Noticed an oklob plant
 10393 | Lair:2   | Reached XP level 12. HP: 86/112 MP: 11/11
 10408 | Lair:2   | Found a staircase to the Shoals.
 10475 | Lair:2   | Reached skill level 12 in Fighting
 10475 | Lair:2   | Reached skill level 10 in Shields
 10522 | Lair:2   | Noticed a seven-headed hydra
 10536 | Lair:2   | Killed a seven-headed hydra
 10800 | Lair:2   | Reached skill level 13 in Fighting
 11020 | D:8      | Bought the +9 hand axe "Newtbane" {flame, rN+} for 739 gold pieces
 11673 | Lair:3   | Noticed a death yak
 11674 | Lair:3   | Noticed a death yak
 11679 | Lair:3   | Noticed a death yak
 11685 | Lair:3   | Killed a death yak
 11697 | Lair:3   | Killed a death yak
 11702 | Lair:3   | Killed a death yak
 11717 | Lair:3   | Noticed a death yak
 11724 | Lair:3   | Noticed a death yak
 11731 | Lair:3   | Killed a death yak
 11740 | Lair:3   | Killed a death yak
 11740 | Lair:3   | Reached skill level 10 in Axes
 11941 | Lair:3   | Found a hole to the Spider Nest.
 12333 | Lair:3   | Gained mutation: You cannot be stealthy. [Ru sacrifice]
 12333 | Lair:3   | Reached **** piety under Ru
 12567 | Lair:4   | Found the ring of Robustness {AC+8}
 12850 | Lair:4   | Reached XP level 13. HP: 122/122 MP: 12/12
 13277 | Lair:5   | Found a staircase to the Slime Pits.
 13347 | Lair:6   | Entered Level 6 of the Lair of Beasts
 14120 | Lair:6   | Reached skill level 14 in Fighting
 14622 | Lair:6   | Reached XP level 14. HP: 126/133 MP: 13/13
 15049 | Lair:6   | Gained mutation: You are hated by all. [Ru sacrifice]
 15049 | Lair:6   | Reached ***** piety under Ru
 15276 | Slime:1  | Entered Level 1 of the Pits of Slime
 15311 | Slime:2  | Gained mutation: Your spells are a little easier to cast, but a little less powerful. [a shining eye]
 15312 | Slime:2  | Gained mutation: Armour fits poorly on your strangely shaped body. [a shining eye]
 15315 | Slime:2  | Gained mutation: Your flesh is cold resistant. (rC+) [a shining eye]
 15319 | Slime:2  | Gained mutation: You occasionally shout uncontrollably at your foes. [a shining eye]
 15320 | Slime:2  | Noticed an acid blob
 15334 | Slime:2  | Paralysed by a great orb of eyes for 4 turns
 15335 | Slime:2  | Splashed with acid

Skill      XL: |  1  2  3  4  5  6  7  8  9 10 11 12 13 14 |
---------------+-------------------------------------------+-----
Axes           | 3 5 6 7 8 10 11 | 11.9
Armour         | 4 5 6 7 8 10 11 13 | 13.4
Fighting       | 4 5 6 8 11 13 14 | 14.9
Shields        | 4 5 6 7 9 11 12 13 | 13.0
Polearms       | 6 10 12 | 12.5
Stealth        | 1 0 |  0.0
Dodging        | |  0.4

Action                   |  1- 3 |  4- 6 |  7- 9 | 10-12 | 13-15 || total
-------------------------+-------+-------+-------+-------+-------++-------
Melee: War axe           |    65 |    45 |       |       |       ||   110
       Headbutt          |    11 |    15 |    31 |   153 |    92 ||   302
       Hand axe          |       |    57 |    96 |   140 |   332 ||   625
       Trident           |       |       |   152 |   562 |       ||   714
Invok: Renounce Religion |       |       |     1 |       |       ||     1
       Sacrifice Essence |       |       |       |     1 |       ||     1
       Draw Out Power    |       |       |       |     1 |     1 ||     2
       Sacrifice Artific |       |       |       |     1 |       ||     1
       Sacrifice Stealth |       |       |       |     1 |       ||     1
       Power Leap        |       |       |       |       |     1 ||     1
       Sacrifice Love    |       |       |       |       |     1 ||     1
Evoke: Wand              |       |     3 |     2 |     1 |       ||     6
  Use: Scroll            |     2 |     3 |     3 |    15 |     6 ||    29
       Potion            |       |     2 |     1 |     3 |     2 ||     8
 Stab: Distracted        |       |       |       |     2 |     2 ||     4
       Confused          |       |       |       |     1 |       ||     1
       Invisible         |       |       |       |       |     2 ||     2
       Petrified         |       |       |       |       |     2 ||     2
  Eat: Chunk             |     1 |     4 |    11 |    15 |     5 ||    36
       Ration            |       |       |     1 |     2 |     1 ||     4
Armor: Scale mail        |    46 |    38 |    56 |     5 |       ||   145
       Plate armour      |       |       |       |   197 |   190 ||   387
Dodge: Dodged            |    22 |    34 |    35 |    83 |    57 ||   231
Block: Shield            |    28 |    55 |    73 |   200 |   163 ||   519
